Map: Newkirk Precinct TE (Void)

Players

llllllllllll

  • Race: Zerg Zerg
  • League: Master
  • Spawn Location: 7:00

hirekui - Winner!

  • Race: Terran Terran
  • League: Master
  • Spawn Location: 5:00

VOD

Have the link to the VOD?

Description

Time

  • Played on: Dec. 1, 2016, 5:35 a.m.
  • Length: 10:40
Show
View Real Time Build Order
Export as new Build Order

llllllllllll Zerg 

Build Orders: Hatch First 

Get SALT Encoding   

  12  0:08  Drone  
  13  0:14  Overlord  
  13  0:23  Drone  
  13  0:25  Extractor  
  13  0:26  Drone  
  14  0:35  Drone  
  16  0:42  Drone  
  17  0:57  Hatchery  
  17  1:01  Drone  
  17  1:05  Drone  
  17  1:08  Extractor  
  17  1:22  Spawning Pool  
  17  1:25  Drone  
  17  1:29  Drone  
  18  1:37  Drone  
  19  1:51  Overlord  
  19  2:10  Queen x2  
  19  2:11  Metabolic Boost  
  23  2:16  Zergling x4  
  23  2:18  Zergling x2  
  26  2:24  Drone x2  
  28  2:31  Drone  
  30  2:37  Drone  
  30  2:43  Drone x2  
  32  3:00  Pneumatized Carapace, Queen  
  34  3:06  Overlord  
  34  3:26  Drone x2  
  36  3:43  Queen  
  36  3:47  Hatchery  
  36  3:49  Zergling x2  
  36  3:50  Zergling x12  
  36  3:51  Zergling x2  
  43  3:58  Overlord  
  43  4:01  Drone  
  44  4:07  Overlord  
  44  4:16  Overlord  
  40  4:27  Drone x2  
  40  4:28  Drone x5  
  40  4:31  Queen  
  47  4:46  Baneling Nest, Drone x3  
  47  4:48  Roach Warren  
  47  4:49  Extractor  
  47  4:50  Zergling x2  
  47  4:51  Zergling x2  
  46  4:53  Zergling x2  
  46  4:57  Extractor  
  46  5:01  Zergling x6  
  46  5:08  Spore Crawler  
  46  5:11  Zergling x2  
  46  5:12  Zergling x2  
  45  5:21  Zergling x2  
  41  5:36  Drone x3  
  44  5:45  Spore Crawler  
  38  5:51  Drone  
  38  5:55  Drone  
  39  6:00  Drone  
  40  6:09  Drone x3  
  43  6:16  Drone x3  
  46  6:23  Drone  
  46  6:24  Drone x2  
  45  6:30  Lair  
  45  6:35  Roach  
  47  6:42  Drone  
  47  6:43  Drone x2  
  50  6:55  Drone x2  
  50  6:56  Drone x2  
  50  7:00  Drone x2  
  56  7:01  Queen  
  56  7:04  Spore Crawler  
  56  7:06  Roach x2  
  61  7:21  Roach  
  61  7:22  Roach  
  65  7:27  Hatchery  
  64  7:30  Evolution Chamber  
  64  7:31  Queen, Evolution Chamber  
  64  7:35  Glial Reconstitution  
  64  7:42  Drone x3  
  67  7:46  Roach x2  
  71  7:53  Roach  
  71  7:54  Overlord  
  73  7:59  Zerg Missile Weapons Level 1  
  73  8:01  Zerg Ground Armor Level 1  
  73  8:04  Extractor  
  73  8:05  Overlord  
  72  8:14  Roach x2  
  72  8:15  Roach x2  
  72  8:17  Drone x2  
  82  8:20  Overlord  
  82  8:27  Roach x2  
  86  8:31  Drone  
  86  8:32  Drone x2  
  83  8:37  Drone x3  
  86  8:46  Drone x4  
  86  8:47  Drone  
  91  8:49  Overseer  
  91  8:52  Drone  
  92  8:59  Roach x2  
  95  9:18  Drone x5  
  95  9:19  Drone  
  95  9:20  Extractor  
  95  9:21  Extractor  
  95  9:23  Roach x2  
  103  9:30  Overlord x3  
  103  9:35  Hydralisk Den  
  102  9:40  Overlord x3  
  102  9:42  Drone  
  103  9:50  Roach x7  
  103  9:51  Roach  
  119  10:01  Roach x5  
  119  10:07  Roach  
  135  10:13  Roach x4  
Show
View Real Time Build Order
Export as new Build Order

hirekui Terran - Winner!

Build Orders: Reaper Expand, Hellion Banshee, Mech 

Get SALT Encoding   

  12  0:00  SCV  
  13  0:12  SCV  
  14  0:18  Supply Depot  
  14  0:24  SCV  
  15  0:29  Refinery  
  15  0:40  SCV  
  16  0:45  Barracks  
  16  0:52  SCV  
  17  1:04  SCV  
  18  1:16  SCV  
  19  1:32  Reaper, Orbital Command  
  20  1:44  Command Center  
  20  1:56  Factory  
  20  1:59  SCV  
  21  2:04  Refinery  
  21  2:07  Barracks Reactor  
  21  2:11  SCV  
  22  2:16  Supply Depot  
  22  2:23  SCV  
  23  2:38  SCV  
  24  2:46  Starport  
  24  2:50  SCV  
  25  2:54  Hellion  
  25  2:55  Hellion  
  25  2:58  Barracks Tech Lab  
  29  3:00  Orbital Command  
  29  3:02  SCV  
  30  3:14  SCV  
  30  3:16  Hellion  
  30  3:18  Hellion  
  35  3:29  SCV  
  35  3:31  SCV  
  35  3:32  Banshee  
  40  3:34  Cloaking Field  
  39  3:49  SCV  
  39  3:51  Hellion  
  39  3:52  SCV  
  41  3:55  Supply Depot  
  41  4:00  Hellion  
  41  4:01  SCV  
  44  4:04  SCV  
  44  4:09  Supply Depot  
  45  4:14  SCV  
  45  4:16  Armory x2  
  44  4:21  Hellion x2  
  46  4:29  Banshee, Supply Depot  
  47  4:35  SCV  
  47  4:36  Refinery  
  48  4:40  SCV  
  48  4:41  Refinery  
  49  4:47  SCV  
  49  4:52  SCV  
  51  4:59  SCV  
  52  5:04  SCV  
  52  5:05  Command Center  
  53  5:11  Terran Vehicle Weapons Level 1, Terran Vehicle And Ship Armor Level 1  
  53  5:19  SCV  
  54  5:25  Banshee, Hellion x2  
  57  5:30  SCV  
  54  5:37  SCV  
  54  5:39  Barracks Tech Lab  
  54  5:41  Factory  
  54  5:42  SCV  
  56  5:44  Factory  
  56  5:49  SCV  
  57  5:54  SCV  
  57  5:55  Hellion x2  
  59  6:01  SCV  
  60  6:06  SCV  
  60  6:08  Raven  
  63  6:13  SCV  
  63  6:15  Barracks Tech Lab  
  63  6:16  Supply Depot x2  
  64  6:18  SCV  
  64  6:20  Orbital Command  
  64  6:25  SCV  
  63  6:26  Hellion  
  63  6:30  SCV  
  66  6:37  SCV  
  67  6:41  Siege Tank  
  67  6:43  SCV, Siege Tank  
  67  6:46  Infernal Pre-Igniter, Orbital Command  
  74  6:49  SCV  
  74  6:52  Banshee  
  78  7:00  SCV  
  79  7:01  SCV  
  80  7:11  SCV  
  80  7:12  SCV, Supply Depot  
  80  7:13  SCV, Supply Depot  
  86  7:18  Terran Vehicle Weapons Level 2, Terran Vehicle And Ship Armor Level 2  
  86  7:22  Siege Tank  
  86  7:23  SCV  
  87  7:30  SCV  
  87  7:31  Refinery  
  87  7:32  Hellion x2  
  87  7:34  SCV, Refinery  
  87  7:35  SCV  
  87  7:37  Banshee  
  94  7:42  SCV  
  94  7:43  Supply Depot  
  98  7:44  Supply Depot  
  98  7:47  SCV  
  98  7:49  SCV, Siege Tank  
  103  7:54  SCV  
  103  7:56  Engineering Bay  
  104  7:59  SCV  
  104  8:01  SCV  
  104  8:02  Siege Tank  
  104  8:03  Hellion x2  
  113  8:06  SCV  
  115  8:13  SCV  
  115  8:16  Factory  
  115  8:17  Factory  
  115  8:19  SCV  
  116  8:22  Banshee  
  116  8:23  Supply Depot  
  116  8:24  Supply Depot, Thor  
  116  8:25  Supply Depot  
  116  8:26  Hellion x2  
  129  8:44  Thor  
  129  8:46  Missile Turret, Supply Depot x2  
  129  8:47  Supply Depot  
  129  8:48  Missile Turret  
  135  8:50  Missile Turret  
  135  8:55  Hellion x2  
  139  9:00  Factory Reactor, Factory Tech Lab  
  139  9:07  Command Center  
  139  9:08  Siege Tank  
  139  9:09  Banshee  
  139  9:19  Siege Tank  
  139  9:21  Hellion x2  
  146  9:38  Siege Tank  
  146  9:40  Supply Depot  
  146  9:41  Supply Depot  
  146  9:42  Supply Depot  
  146  9:45  Hellbat x3  
  157  9:46  Hellbat x2  
  159  9:54  Banshee  
  159  9:56  Siege Tank  
Tags
 
Add a new tag
Caveats
  • Supply blocks, unpowered buildings, or Contaminate may cause inaccurate times.
  • Supply counts are checked every 10 seconds.